 Dungeon Crawl Stone Soup version 0.30-a0-986-g7f2e898f52 (console) character file.

Game seed: 1040042070822827282

573 jejorda2 the Spear-Bearer (level 7, -5/56 HPs)
             Began as a Merfolk Berserker on Apr 1, 2023.
             Was a Believer of Trog.
             Asphyxiated
             ... in a bailey.
             The game lasted 00:07:54 (3075 turns).

jejorda2 the Spear-Bearer (Merfolk Berserker)       Turns: 3075, Time: 00:07:56

Health: -5/56      AC: 13    Str: 19    XL:     7   Next: 34%
Magic:  7/7        EV:  8    Int:  6    God:    Trog [**....]
Gold:   368        SH:  0    Dex: 14    Spells: 6/6 levels left

rFire   . . .      SeeInvis .    a - +2 trident (venom)
rCold   . . .      Faith    .    (no shield)
rNeg    . . .      Spirit   .    v - +0 chain mail
rPois   .          Reflect  .    w - +0 helmet
rElec   .          Rampage  .    (no cloak)
rCorr   .                        (no gloves)
Will    +....                    (no boots) Stlth
                                 (no amulet)
HPRegen 0.29/turn                r - +4 ring of protection
MPRegen 0.10/turn                m - ring of willpower

@: lethally poisoned (-5 -> -27), slowed, very slow
A: (nimble swimmer 2), mertail
a: Renounce Religion, Berserk, Trog's Hand


You were in a bailey.
You worshipped Trog.
Trog was pleased with you.
You visited 1 branch of the dungeon, and saw 5 of its levels.
You also visited: Bailey.

You collected 368 gold pieces.

Inventory:

Hand Weapons
 a - a +2 trident of venom (weapon)
Missiles
 b - 14 boomerangs
 d - 22 stones (quivered)
 g - 4 atropa-tipped darts
 j - 8 javelins
 k - 8 poisoned darts
 n - 9 curare-tipped darts
 A - a throwing net
Armour
 v - a +0 chain mail (worn)
 w - a +0 helmet (worn)
Jewellery
 c - a ring of resist corrosion
 m - a ring of willpower (right hand)
 r - a +4 ring of protection (left hand)
 u - a ring of flight
 x - a ring of ice
Scrolls
 t - a scroll of teleportation
Potions
 e - a potion of heal wounds {unknown}
 f - 5 potions of curing
 h - a potion of ambrosia
 o - a potion of flight {unknown}
 p - a potion of brilliance {unknown}
 z - 2 potions of degeneration
 B - a potion of might {unknown}


   Skills:
 + Level 5.6 Fighting
 * Level 8.8 Polearms
 + Level 2.2 Armour
 - Level 2.6 Dodging


You had 6 spell levels left.
You didn't know any spells.
Your spell library was empty.

Dungeon Overview and Level Annotations

Branches:
Dungeon (4/15)             Bailey (1/1)
 Temple: D:4-7

Altars:
Xom


Innate Abilities, Weirdness & Mutations

((You are very nimble when in or above water. (Stealth+, EV+, Speed+++)))
Your lower body shifts to a powerful aquatic tail in water.


Message History

You are more poisoned.
You have difficulty breathing.
You feel as though you will be slow longer.
Okay, then.
You aren't carrying any items that you can evoke.
Unknown command.
Throw: 10 darts (curare)
Press: ? - help, Shift-Dir - straight line, f - kobold brigand
Aim: a kobold brigand, wielding a +0 war axe and quivering curare-tipped darts (53% to hit)
You throw a curare-tipped dart.
The curare-tipped dart hits the kobold brigand.
The kobold brigand is poisoned.
The kobold brigand convulses.
The kobold brigand seems to slow down.
The kobold brigand is moderately wounded.
You feel extremely sick.
An orc warrior comes into view.
It is wielding a +0 war axe and quivering datura-tipped darts.
An orc warrior comes into view. It is wielding a +0 battleaxe.
You feel better.
The orc warrior shouts!
You hear a shout! x2
An orc warrior comes into view. It is wielding a +0 glaive of venom.
An orc warrior comes into view. It is wielding a +0 war axe.
The kobold brigand hits you but does no damage.
The kobold brigand throws a curare-tipped dart.
The curare-tipped dart hits you.
You are poisoned.
You have difficulty breathing.
You feel as though you will be slow longer.
The kobold brigand throws a curare-tipped dart.
The curare-tipped dart hits you.
You are lethally poisoned!
You have difficulty breathing.
* * * LOW HITPOINT WARNING * * *
You feel as though you will be slow longer.
* * * LOW HITPOINT WARNING * * *
You feel extremely sick.
The kobold brigand throws a curare-tipped dart.
The curare-tipped dart hits you.
You are more poisoned.
You have difficulty breathing.
You die... .....K. .(... oo.

###K### ##.....##
#..K8o..# #∩...K.∩#
##...o.## ####''@####
##~.......~##
#####~~.......~~#####
#....)~.......~~....#
#.###~~.......~~###.#
#....~~.......~~....#
#.###~~.......~~###.#
#....~~.......~~....#
#.###~~.......~~###.#


You could see 4 orc warriors and 3 kobold brigands.

Vanquished Creatures
  An orc warrior (Bailey)
  3 kobold brigands (Bailey)
  A scorpion (D:4)
  Jessica (D:2)
  An orc wizard (D:3)
  An adder (D:3)
  2 ufetubi (D:4)
  A worm (D:2)
  A dart slug (D:2)
  8 orcs (D:3)
  3 ball pythons
  4 bats
  3 endoplasms
  2 giant cockroaches (D:1)
  10 goblins
  2 hobgoblins
  7 jackals (D:3)
  12 kobolds
  3 frilled lizards
  4 rats
70 creatures vanquished.

Vanquished Creatures (collateral kills)
  A bullfrog (D:7)
1 creature vanquished.

Grand Total: 71 creatures vanquished

Notes
Turn   | Place    | Note
-------+----------+-------------------------------------------
     0 | D:1      | jejorda2 the Merfolk Berserker began the quest for the Orb.
     0 | D:1      | Reached XP level 1. HP: 18/18 MP: 1/1
   174 | D:1      | Reached XP level 2. HP: 24/24 MP: 2/2
   840 | D:2      | Reached skill level 5 in Polearms
   906 | D:2      | Noticed Jessica
   915 | D:2      | Killed Jessica
   916 | D:2      | Reached XP level 3. HP: 30/30 MP: 3/3
  1000 | D:2      | Found a shimmering altar of Xom.
  1548 | D:3      | Reached ** piety under Trog
  1549 | D:3      | Reached XP level 4. HP: 37/37 MP: 4/4
  1840 | D:3      | Reached skill level 6 in Polearms
  2043 | D:3      | Reached XP level 5. HP: 36/43 MP: 5/5
  2639 | D:4      | Reached skill level 7 in Polearms
  2703 | D:4      | You fall into a shaft and drop 3 floors!
  2734 | D:7      | Reached XP level 6. HP: 44/50 MP: 6/6
  2742 | D:7      | Found a flagged portal.
  2759 | Bailey   | Entered a bailey
  2776 | Bailey   | Reached skill level 5 in Fighting
  2791 | Bailey   | Reached skill level 8 in Polearms
  2811 | Bailey   | Reached XP level 7. HP: 32/56 MP: 7/7
  3075 | Bailey   | Asphyxiated

Illustrated notes

Levels and vault maps discovered:
D:1:      dpeg_arrival_stonehenge_8_columns, layout_loops_ring
D:2:      layout_loops_ring, basic_altar, hex_large, uniq_jessica
D:3:      layout_basic
D:4:      layout_gridville, kennysheep_nub
D:7:      layout_basic, serial_shops, nicolae_shop_bloodbath_and_beyond,
          enter_bailey_3, nicolae_shop_self_help, uniq_pikel, uniq_maggie
Bailey:   bailey_axe_3, bailey

Skill      XL: |  1  2  3  4  5  6 |
---------------+-------------------+-----
Polearms       | 5 6 7 8 |  8.8
Fighting       | 4 5 |  5.6
Armour         | 2 |  2.2
Dodging        | |  2.6

Action                     |  1- 3 |  4- 6 |  7- 9 || total
---------------------------+-------+-------+-------++-------
  Melee: Spear             |    41 |       |       ||    41
         Punch             |     2 |     1 |       ||     3
         Dagger            |    18 |    31 |       ||    49
         Trident           |       |    71 |    19 ||    90
         Tailslap          |       |     1 |       ||     1
  Throw: Dart              |     3 |       |     1 ||     4
         Stone             |       |     4 |       ||     4
 Invoke: Berserk           |     1 |     2 |       ||     3
         Trog's Hand       |       |     3 |       ||     3
    Use: Scroll            |       |    12 |       ||    12
         Potion            |       |       |     1 ||     1
   Stab: Sleeping          |     1 |       |       ||     1
 Armour: Animal skin       |     1 |       |       ||     1
         Ring mail         |     6 |       |       ||     6
         Chain mail        |     7 |    73 |    10 ||    90
  Dodge: Dodged            |    16 |    50 |     6 ||    72

Table legend: (Time is in decaauts)
 A = Elapsed time spent in this place.
 B = Non-inter-level travel time spent in this place.
 C = Inter-level travel time spent in this place.
 D = Time resting spent in this place.
 E = Time spent auto-exploring this place.
 F = Levels seen in this place.
 G = Mean time per level.
                   A        B        C        D        E       F      G
               +--------+--------+--------+--------+--------+-----+--------+
         Total |   3078 |   2958 |    120 |    481 |   1906 |   6 |  513.0 |
       Dungeon |   2766 |   2646 |    120 |    320 |   1895 |   5 |  553.2 |
        Bailey |    311 |    311 |      0 |    161 |     11 |   1 |  311.0 |
               +--------+--------+--------+--------+--------+-----+--------+

Top non-repeatable levels by time:
     D:3: 1187 daAuts
     D:2: 767 daAuts
     D:1: 649 daAuts
  Bailey: 311 daAuts
     D:4: 112 daAuts
     D:7: 50 daAuts
